 Dungeon Crawl Stone Soup version 0.31.0-9-g3a7656b989 (webtiles) character file.

Game seed: 4808972289117770935

183 qw the Skirmisher (level 5, -3/29 HPs)
             Began as a Deep Elf Hunter on Feb 3, 2024.
             Incinerated by a bombardier beetle (5 damage)
             ... with a burning spray
             ... on level 4 of the Dungeon.
             The game lasted 00:00:10 (2378 turns).

qw the Skirmisher (Deep Elf Hunter)                 Turns: 2378, Time: 00:00:10

Health: -3/29      AC:  7    Str: 10    XL:     5   Next: 35%
Magic:  7/7        EV: 11    Int: 14    God:
Gold:   122        SH:  0    Dex: 18    Spells: 4/4 levels left

rFire   . . .        a - +0 shortbow
rCold   . . .        (shield currently unavailable)
rNeg    . . .        j - +0 ring mail
rPois   .            k - +0 helmet
rElec   .            (no cloak)
rCorr   .            (no gloves)
SInv    .            l - +0 pair of boots
Will    .....        (no amulet)
Stlth   +            (no ring)
HPRegen 0.24/turn    (no ring)
MPRegen 0.10/turn

%: no passive effects
@: on fire, glowing
A: no striking features
a: no special abilities


You were on level 4 of the Dungeon.
You visited 1 branch of the dungeon, and saw 4 of its levels.

You collected 122 gold pieces.


   Skills:
 - Level 1.5 Fighting
 + Level 8.9 Ranged Weapons
 - Level 2.4 Dodging
 - Level 1.2 Stealth


You had 4 spell levels left.
You didn't know any spells.
Your spell library was empty.

Inventory:

Hand Weapons
 a - a +0 shortbow (weapon)
Armour
 b - the +1 ring mail "Zycotzopp" {Harm rF- rCorr Dex+6}
   (You took it off a goblin on level 2 of the Dungeon)

   Dex+6:     It affects your dexterity (+6).
   rF-:       It makes you vulnerable to fire.
   rCorr:     It protects you from acid and corrosion.
   Harm:      It increases damage dealt and taken.
 j - a +0 ring mail (worn)
 k - a +0 helmet (worn)
 l - a +0 pair of boots (worn)
Wands
 n - a wand of roots (9)
Potions
 c - a potion of mutation
 h - 2 potions of curing
 i - a potion of heal wounds
 m - 2 potions of might

Dungeon Overview and Level Annotations

Branches:
Dungeon (4/15)
 Temple: D:4-7

Altars:
Elyvilon
Kikubaaqudgha
Ru
Sif Muna
Yredelemnul


Message History

The liquid fire burns you!
The hobgoblin shouts!
You shoot an arrow.
The arrow barely misses the bombardier beetle.
The liquid fire burns you!
You shoot an arrow. The arrow hits the bombardier beetle.
The bombardier beetle is heavily wounded.
The liquid fire burns you!
The bombardier beetle bites you but does no damage.
You shoot an arrow.
The arrow hits the bombardier beetle but does no damage.
The bombardier beetle is heavily wounded.
The liquid fire burns you!
The bombardier beetle barely misses you.
You shoot an arrow. The arrow hits the bombardier beetle!
The bombardier beetle is almost dead.
The liquid fire burns you!
You shoot an arrow. The arrow hits the bombardier beetle!
You kill the bombardier beetle!
The liquid fire burns you!
2371 ||| DRINKING 2 potions of heal wounds.
You feel much better. The liquid fire burns you!
The hobgoblin closely misses you.
You shoot an arrow. The arrow hits the hobgoblin.
You kill the hobgoblin!
The liquid fire burns you!
You are on fire!
The liquid fire burns you!
You are on fire!
The liquid fire burns you!
You are on fire!
The liquid fire burns you!
You are on fire!
The liquid fire burns you!
You are on fire!
The liquid fire burns you!
You are on fire!
The liquid fire burns you!
You die...

#...#........#
.#..
#...###.#..#.#
...
#.......#..#.# .
#..
#..######..#.# ..
..##.........<#.#
.#.#
..##.#########.#
.....#.##.# .#
#+#...%#..# .#
......%@>##
###....### #....
....... .......
....... #......
#......


There were no monsters in sight!

Vanquished Creatures
  A bombardier beetle (D:4)
  6 gnolls
  An adder (D:3)
  3 dart slugs (D:1)
  5 orcs (D:3)
  2 ball pythons
  4 bats
  4 endoplasms
  6 giant cockroaches
  6 goblins
  11 hobgoblins
  2 jackals (D:1)
  A quokka (D:2)
  4 frilled lizards
  7 kobolds
  4 rats
67 creatures vanquished.

Notes
Turn   | Place    | Note
-------+----------+-------------------------------------------
     0 | D:1      | qw the Deep Elf Hunter began the quest for the Orb.
     0 | D:1      | Reached XP level 1. HP: 12/12 MP: 3/3
     0 | D:1      | 0 ||| qw: Version: 0.3-a-155-g5e7d8dd
     0 | D:1      | 0 ||| qw: Game counter: 2955
     0 | D:1      | 0 ||| qw: Melee chars always use a shield: true
     0 | D:1      | 0 ||| qw: God list: Okawaru
     0 | D:1      | 0 ||| qw: Allow faded altars: false
     0 | D:1      | 0 ||| qw: Do Orc after clearing Dungeon:15 true
     0 | D:1      | 0 ||| qw: Do second Lair branch before Depths: true
     0 | D:1      | 0 ||| qw: Lair rune preference: random
     0 | D:1      | 0 ||| qw: Goals: Normal
     0 | D:1      | 0 ||| PLANNING D:1-11
   128 | D:1      | Reached XP level 2. HP: 16/16 MP: 4/4
   147 | D:1      | Reached skill level 6 in Ranged Weapons
   426 | D:1      | Found a faded altar of an unknown god.
   434 | D:1      | Reached XP level 3. HP: 20/20 MP: 5/5
   615 | D:1      | 615 ||| UPGRADING to +0 ring mail.
   625 | D:1      | 625 ||| DROPPING +0 leather armour.
   626 | D:1      | 626 ||| READING scroll labelled QOIXIA XIUGICW.
   626 | D:1      | 626 ||| IDENTIFYING glowing orange potion
   627 | D:1      | 627 ||| READING scroll labelled SADOATAMYT.
   628 | D:1      | 628 ||| READING scroll labelled WETRAE ENIAR FAOM.
   729 | D:1      | 729 ||| DROPPING scroll of butterflies.
   730 | D:1      | 730 ||| DROPPING potion of ambrosia.
   809 | D:2      | Reached skill level 7 in Ranged Weapons
   816 | D:2      | HP: 3/20 [gnoll/+0 flail (8)]
   889 | D:2      | Identified the +1 ring mail "Zycotzopp" {Harm rF- rCorr
                  | Dex+6}
   893 | D:2      | Reached XP level 4. HP: 25/25 MP: 6/6
  1091 | D:2      | Found an ancient bone altar of Kikubaaqudgha.
  1328 | D:2      | 1328 ||| DROPPING +1 robe of willpower.
  1329 | D:2      | 1329 ||| UPGRADING to +0 helmet.
  1334 | D:2      | 1334 ||| READING scroll of identify.
  1334 | D:2      | 1334 ||| IDENTIFYING glowing blue potion
  1335 | D:2      | 1335 ||| READING scroll labelled PAN YXABAI.
  1336 | D:2      | 1336 ||| READING 2 scrolls labelled UNAGAL SIOHE.
  1337 | D:2      | 1337 ||| READING scroll labelled SYKORE TEOLENG.
  1338 | D:2      | 1338 ||| READING scroll labelled NEM FEGOUNK.
  1339 | D:2      | 1339 ||| DRINKING 2 emerald potions.
  1340 | D:2      | 1340 ||| DROPPING scroll of fog.
  1509 | D:3      | Reached skill level 8 in Ranged Weapons
  1601 | D:3      | Found a sacrificial altar of Ru.
  1601 | D:3      | Found a shimmering blue altar of Sif Muna.
  1602 | D:3      | Found a white marble altar of Elyvilon.
  1602 | D:3      | Found a basalt altar of Yredelemnul.
  1985 | D:3      | Reached XP level 5. HP: 29/29 MP: 7/7
  2210 | D:3      | 2210 ||| UPGRADING to +0 pair of boots.
  2215 | D:3      | 2215 ||| READING 2 scrolls of identify.
  2215 | D:3      | 2215 ||| IDENTIFYING sedimented emerald potion
  2216 | D:3      | 2216 ||| READING scroll of identify.
  2216 | D:3      | 2216 ||| IDENTIFYING 2 white potions
  2217 | D:3      | 2217 ||| READING scroll labelled WEHAAQINAMM.
  2218 | D:3      | 2218 ||| READING scroll labelled FUXTUT BUGE.
  2223 | D:3      | 2223 ||| READING scroll labelled BESI JISCHECEHO.
  2370 | D:4      | HP: 6/29 [burnt (3)]
  2371 | D:4      | 2371 ||| DRINKING 2 potions of heal wounds.
  2375 | D:4      | HP: 7/29 [burnt (4)]
  2376 | D:4      | HP: 3/29 [burnt (4)]
  2377 | D:4      | HP: 1/29 [burnt (2)]
  2378 | D:4      | Incinerated by a bombardier beetle

Levels and vault maps discovered:
D:1:      matt_arrival_refuge, layout_loops_ring, ebering_ecumenical_altar_mist
D:2:      layout_loops_ring, basic_altar
D:3:      layout_basic, nicolae_overflow_hidden_temple,
          gammafunk_temple_overflow_forgotten, minmay_goblin_kobold_house
D:4:      lemuel_castle_with_subvaults [lemuel_castle_interior_carwin_3],
          layout_basic, nicolae_qazlal_style_of_elements, old_standard_altar,
          ashenzari_altar_1, minmay_temple_entry_glass

Skill      XL: |  1  2  3  4 |
---------------+-------------+-----
Ranged Weapons | 6 7 8 |  8.9
Fighting       | |  1.5
Dodging        | |  2.4
Stealth        | |  1.2

Action                     |  1- 3 |  4- 6 || total
---------------------------+-------+-------++-------
   Fire: Shortbow          |    91 |   111 ||   202
    Use: Scroll            |     3 |    10 ||    13
         Potion            |       |     2 ||     2
 Armour: Leather armour    |    16 |       ||    16
         Ring mail         |     4 |    16 ||    20
  Dodge: Dodged            |    16 |    17 ||    33

Table legend:
 A = Non-vault XP
 B = Vault XP
 C = Vault XP percentage of total XP
 D = Non-vault monster count
 E = Vault monster count
 F = Vault count percentage of total count
                 A         B        C        D         E       F
            +---------+---------+-------+---------+---------+-------
      Total |     252 |      10 |   3.8 |      62 |       5 |   7.5
            +---------+---------+-------+---------+---------+-------
        D:1 |      45 |       0 |   0.0 |      22 |       0 |   0.0
        D:2 |      72 |       0 |   0.0 |      21 |       0 |   0.0
        D:3 |      85 |      10 |  10.5 |      17 |       5 |  22.7
        D:4 |      50 |       0 |   0.0 |       2 |       0 |   0.0
            +---------+---------+-------+---------+---------+-------
